 Dungeon Crawl Stone Soup version 0.26.1-11-gd32895ea62 (webtiles) character file.

Game seed: 15118631969705436032

489933 dtburroughs the Slayer (level 23, -21/221 HPs)
             Began as a Minotaur Berserker on July 7, 2021.
             Was a High Priest of Trog.
             Demolished by a titan (41 damage)
             ... on level 5 of the Vaults.
             The game lasted 03:53:36 (67306 turns).

dtburroughs the Slayer (Minotaur Berserker)        Turns: 67306, Time: 03:53:36

Health: -21/221    AC: 35    Str: 22    XL:     23   Next: 86%
Magic:  13/13      EV: 17    Int: 16    God:    Trog [*****.]
Gold:   4131       SH:  0    Dex: 19    Spells: 22/22 levels left

rFire    + + +     SeeInvis .   Q - +3 broad axe of Fihen {vorpal, rF+}
rCold    + . .     Faith    +   P - +5 kite shield {reflect}
rNeg     . . .     Spirit   .   K - +0 gold dragon scales
rPois    +         Reflect  +   N - +5 hat of Kosagyad {Regen+}
rElec    +         Harm     .   x - +2 cloak
rCorr    .         Rampage  .   j - +1 pair of gloves "Taaqeuk" {rElec MP-9 Int+7 Stlth+}
Will     ++++.                  (no boots)
Stlth    ..........             T - amulet of faith
HPRegen  0.86/turn              w - ring of protection from fire
MPRegen  0.13/turn              q - ring "Obeunorph" {rElec Will+++ Str-4 Int+2 Dex+6}

@: confused, about to teleport, hasted, very quick
A: retaliatory headbutt, horns 2
}: 2/15 runes: barnacled, gossamer
a: Renounce Religion, Berserk, Trog's Hand, Brothers in Arms


You were on level 5 of the Vaults.
You worshipped Trog.
Trog was extremely pleased with you.
You visited 7 branches of the dungeon, and saw 41 of its levels.
You also visited: Trove and Ossuary.

You collected 6220 gold pieces.
You spent 2089 gold pieces at shops.

Inventory:

Hand Weapons
 a - a +9 vorpal broad axe
 u - a +6 broad axe of flaming
 Q - the +3 broad axe of Fihen (weapon) {vorpal, rF+}
   (Trog gifted it to you on level 4 of the Vaults)

   It inflicts extra damage upon your enemies.
   It protects you from fire.
Armour
 j - the +1 pair of gloves "Taaqeuk" (worn) {rElec MP-9 Int+7 Stlth+}
   (You found it on level 13 of the Dungeon)

   It affects your intelligence (+7).
   It insulates you from electricity.
   It affects your magic capacity (-9).
   It makes you more stealthy.
 x - a +2 cloak (worn)
 K - +0 gold dragon scales (worn)
 N - the +5 hat of Kosagyad (worn) {Regen+}
   (You found it on level 4 of the Lair of Beasts)

   It increases your rate of regeneration.
 P - a +5 kite shield of reflection (worn)
Jewellery
 q - the ring "Obeunorph" (right hand) {rElec Will+++ Str-4 Int+2 Dex+6}
   (You found it on level 2 of the Shoals)

   [ring of dexterity]

   It affects your strength (-4).
   It affects your intelligence (+2).
   It affects your dexterity (+6).
   It insulates you from electricity.
   It affects your willpower, your defense against some magical effects.
 s - an uncursed ring of see invisible
 w - a ring of protection from fire (left hand)
 F - the ring "Plog" {Will+ rCorr}
   (You acquired it on level 3 of the Shoals)

   [ring of resist corrosion]

   It affects your willpower, your defense against some magical effects.
   It provides partial protection from all sources of acid and corrosion.
 T - an amulet of faith (around neck)
 X - an uncursed ring of protection from cold
Wands
 i - a wand of iceblast (29)
 G - a wand of random effects (11)
 H - a wand of polymorph (8)
 U - a wand of acid (13)
 W - a wand of enslavement (6)
 Y - a wand of flame (52)
Scrolls
 b - 11 scrolls of identify
 c - 14 scrolls of remove curse
 e - 20 scrolls of teleportation
 f - 10 scrolls of fog
 g - 4 scrolls of noise
 n - 4 scrolls of fear
 v - 5 scrolls of immolation
 y - 6 scrolls of magic mapping
 M - 4 scrolls of holy word
 R - 3 scrolls of summoning
 V - a scroll of silence
 Z - a scroll of blinking
Potions
 l - 4 potions of cancellation
 o - 5 potions of mutation
 r - 3 potions of flight
 t - 9 potions of lignification
 C - 3 potions of might
 D - 5 potions of haste
 I - 2 potions of ambrosia
 S - a potion of invisibility
Miscellaneous
 p - a tin of tremorstones (2/2)
 A - a phial of floods
 B - a condenser vane
 E - a lightning rod (4/4)
 J - a box of beasts
 L - a phantom mirror


   Skills:
 + Level 21.4 Fighting
 + Level 21.4 Axes
 + Level 21.3 Armour
 + Level 19.9 Dodging
 + Level 15.6 Shields
 + Level 16.6 Evocations


You had 22 spell levels left.
You didn't know any spells.
Your spell library was empty.

Dungeon Overview and Level Annotations

Branches:
Dungeon (15/15)            Temple (0/1) D:6            Lair (6/6) D:9
 Shoals (4/4) Lair:4       Spider (4/4) Lair:4        Slime (0/5) Lair:6
    Orc (2/2) D:10            Elf (0/3) Orc:2        Vaults (5/5) D:13
  Crypt (0/3) Vaults:2     Depths (5/5) D:15            Zot (0/5) Depths:5
Ossuary (visited)

Altars:
Ashenzari
Fedhas
Hepliaklqana
Nemelex Xobeh
Sif Muna
Trog
Wu Jian
Xom
The Shining One
Beogh

Shops:
D:4 (   D:11 *   Orc:2 :(*[   Shoals:3 (   Vaults:1 (:   Vaults:2 !
Vaults:4 :   Depths:2 *=?   Depths:4 ?(   Depths:5 (

Portals:
Hell: Depths:1 Depths:2 Depths:3 Depths:4 Depths:5
Abyss: Depths:3 Depths:4 Depths:5
Pandemonium: Depths:3
Ziggurat: Depths:3

Annotations:
D:8 1 runed translucent door, bnorton916's ghost, novice FoFi
Depths:3 exclusion: orange crystal statue
Depths:4 exclusion: orange crystal statue


Innate Abilities, Weirdness & Mutations

You reflexively headbutt those who attack you in melee.
You have a pair of horns on your head.


Message History

The vault guard hits you but does no damage.
You are too confused!
Okay, then.
You are too confused!
You bump into the heavily etched metal wall.
The vault guard hits you with a +0 great mace!!
* * * LOW HITPOINT WARNING * * *
The hornet barely misses you.
The vault guard hits you but does no damage.
The ironheart preserver hits you with a +0 morningstar!!
* * * LOW HITPOINT WARNING * * *
You are too confused!
You are more confused.
You feel more invigorated.
The hornet stings you but does no damage.
You closely miss the hornet. You slash the titan!
You closely miss the vault guard. You hit the vault guard.
You slash the ironheart preserver! The hornet completely misses you.
The vault guard closely misses you. The titan hits you!!!
You die...

... ..u# #####
##### uu..##....
##..C## #.......
##uCDy@##
#...y..##.pp#ppp#
#....##.u..##pp.#
#...#..p...##.p.#
#....C...))##....
##pD.##..φ:.##....
.....Dp.##...##
..#...
......#...##)##
.###..
#....###.C.### ##
#.


You could see an ironheart preserver (strong), a titan (strong), a golden
dragon, 2 very ugly things, a vault warden (strong), 3 vault guards, an ettin, 3
ironbrand convokers and a hornet.

Vanquished Creatures
  Mennas (Vaults:1)
  A juggernaut (Depths:3)
  Bai Suzhen (Vaults:2)
  Xtahua (Vaults:2)
  2 caustic shrikes
  4 golden dragons
  2 tentacled monstrosities
  A titan (Depths:2)
  A quicksilver dragon (Depths:4)
  2 sphinxes
  4 krakens
  Frances (Spider:1)
  A tengu reaver (Depths:1)
  3 shadow dragons
  Kirke (Spider:2)
  4 draconian monks (Depths:5)
  2 storm dragons
  4 frost giants
  12 fire giants
  A draconian scorcher (Depths:5)
  3 iron dragons
  8 vault wardens
  An emperor scorpion (Spider:2)
  5 ghost moths
  A balrug (Depths:4)
  Louise (Depths:5)
  3 orc warlords
  A caustic shrike zombie (Depths:3)
  4 spriggan defenders
  A draconian annihilator (Depths:5)
  8 ironheart preservers
  13 stone giants
  10 very ugly things
  A deep elf demonologist (Vaults:3)
  3 vampire knights
  5 green draconians (Depths:5)
  Azrael (Orc:2)
  4 black draconians (Depths:5)
  A deep elf annihilator (Depths:3)
  3 white draconians (Depths:5)
  10 spark wasps
  7 entropy weavers
  4 purple draconians (Depths:5)
  2 red draconians (Depths:5)
  5 merfolk javelineers
  11 ettins
  2 merfolk impalers
  9 fire dragons
  An eidolon (Vaults:2)
  6 great orbs of eyes
  19 yaktaur captains
  A deep elf high priest (Depths:4)
  7 boulder beetles
  5 rakshasas
  12 hydras
  9 ice dragons
  An ice dragon (shapeshifter) (Vaults:3)
  26 vault guards
  4 catoblepae
  A spriggan air mage (Depths:3)
  A death knight (Vaults:2)
  6 merfolk aquamancers
  An alligator snapping turtle (Shoals:4)
  Erica (D:9)
  8 merfolk avatars
  16 centaur warriors
  17 ogre magi
  38 two-headed ogres
  2 satyrs (Shoals:2)
  9 death yaks
  8 deep troll shamans
  6 deep troll earth magi
  8 spriggan berserkers
  6 tengu warriors
  A storm dragon zombie (Vaults:2)
  17 hell knights
  2 orc high priests
  2 sun demons (Depths:4)
  Nergalle (Orc:1)
  2 fire crabs (shapeshifter)
  6 deep elf knights
  4 iron trolls
  A shadow wraith (Vaults:4)
  10 sea snakes
  23 deep trolls
  2 glowing orange brains
  A salamander mystic (Depths:4)
  6 flayed ghosts
  A death drake (Depths:5)
  5 unseen horrors
  A sea snake (shapeshifter) (Depths:1)
  9 skeletal warriors
  8 deep elf archers
  A wizard (Vaults:3)
  6 lindwurms
  Pikel (D:9)
  A tengu zombie (Vaults:4)
  25 orc knights
  3 orb spiders (shapeshifter)
  19 ironbrand convokers
  20 harpies
  A mana viper (shapeshifter) (Depths:4)
  14 necromancers
  16 orb spiders
  20 deep elf magi
  6 orc sorcerers
  23 wolf spiders
  2 stone giant zombies
  4 oklob plants (Lair:2)
  16 fauns
  2 salamanders (Depths:4)
  48 ugly things
  24 cyclopes
  17 manticores
  A sphinx skeleton (Vaults:3)
  10 black mambas
  14 elephants
  A black mamba (shapeshifter) (Vaults:4)
  A moth of wrath (Spider:1)
  13 vault sentinels
  Joseph (D:8)
  9 merfolk sirens
  A gargoyle (D:11)
  A molten gargoyle (Lair:6)
  2 torpor snails
  6 water nymphs
  13 cane toads
  5 spectral swamp worms (Depths:1)
  6 freezing wraiths
  3 kobold demonologists (D:14)
  12 demonic crawlers
  3 rime drakes
  62 yaktaurs
  An ice devil (Depths:5)
  14 komodo dragons
  A queen bee (shapeshifter) (Vaults:4)
  3 tengu conjurers
  29 merfolk
  11 trolls
  22 jumping spiders
  6 human skeletons
  11 hornets
  6 wind drakes
  A wolf spider simulacrum (D:14)
  A polar bear (shapeshifter) (Vaults:1)
  A tengu simulacrum (Depths:3)
  8 blink frogs (Lair:6)
  An ettin zombie (Vaults:3)
  A centaur simulacrum (D:15)
  22 slime creatures
  11 snapping turtles
  7 dream sheep
  3 human simulacra (Vaults:2)
  A meliai zombie (D:15)
  2 ettin skeletons
  2 shadows
  Sigmund (D:6)
  55 redbacks
  3 spriggans (Depths:5)
  33 tarantellas
  10 wyverns
  A wraith (Vaults:2)
  2 vampires (D:14)
  71 yaks
  12 water elementals
  4 fire elementals
  Grum (D:8)
  A hog (shapeshifter) (Vaults:3)
  A human (shapeshifter) (Depths:2)
  4 vampire mosquitoes
  10 basilisks
  Menkaure (D:6)
  8 wargs
  A soldier ant (D:14)
  Duvessa (D:5)
  4 hell hounds
  4 acid dragons
  31 water moccasins
  2 deep troll skeletons
  5 ice beasts
  5 sky beasts
  5 swamp drakes
  57 orc warriors
  A hornet zombie (D:5)
  A boulder beetle simulacrum (Vaults:3)
  An ice beast (shapeshifter) (Vaults:1)
  4 black bears
  An eye of draining (D:14)
  4 phantoms
  44 ogres
  2 necrophages
  10 boggarts
  24 centaurs
  17 wolves
  7 big kobolds
  Blork the orc (Orc:2)
  3 elf zombies
  16 bullfrogs
  A gnoll sergeant (D:7)
  An earth elemental (D:11)
  A wyvern skeleton (D:14)
  A scorpion (D:5)
  Dowan (D:5)
  2 troll zombies (D:10)
  8 wights
  An elf simulacrum (Vaults:4)
  6 killer bees
  3 electric eels
  4 howler monkeys (D:9)
  A bullfrog zombie (D:8)
  5 lava snakes (Lair:6)
  7 centaur zombies
  24 orc priests
  6 hounds
  5 jellies
  3 bullfrog skeletons
  28 orc wizards
  5 centaur skeletons
  5 gnoll shamans
  5 human zombies
  An iron imp (Depths:3)
  7 hell rats
  2 iguanas
  15 worker ants
  2 big kobold zombies (Ossuary)
  6 ogre zombies (D:10)
  A hound skeleton (D:4)
  2 mummies (Ossuary)
  Robin (D:3)
  20 gnolls
  34 adders
  8 river rats (Lair:1)
  A river rat (shapeshifter) (Vaults:2)
  4 white imps
  7 ufetubi
  3 oozes
  An adder zombie (Ossuary)
  3 adder skeletons
  5 worms
  2 dart slugs (D:1)
  6 leopard geckos
  101 orcs
  2 ball pythons (D:2)
  11 bats
  4 giant cockroaches
  17 hobgoblins
  14 jackals
  24 kobolds
  A quokka (shapeshifter) (Depths:3)
  7 quokkas
  6 frilled lizards
  11 goblins
  3 goblin zombies
  10 hobgoblin zombies
  2 jackal zombies (Ossuary)
  6 kobold zombies (Ossuary)
  3 orc skeletons (D:10)
  29 orc zombies
  A quokka zombie (D:9)
  13 rats
  2 rat zombies (D:6)
  17 tentacles
2102 creatures vanquished.

Vanquished Creatures (collateral kills)
  Margery (Depths:4)
  2 tentacled monstrosities (Vaults:5)
  A kraken (Shoals:1)
  A sphinx (Vaults:5)
  A deep elf sorcerer (Depths:5)
  An ironheart preserver (Vaults:5)
  2 very ugly things
  A spark wasp (Spider:4)
  A fire dragon (D:13)
  2 yaktaur captains
  An ice dragon (Depths:4)
  2 tengu warriors (D:15)
  A hell knight (Depths:4)
  A salamander (shapeshifter) (Depths:4)
  A molten gargoyle (Lair:6)
  3 yaktaurs (Depths:5)
  5 merfolk (Shoals:2)
  A hornet (Depths:5)
  A wyvern (Lair:6)
  A basilisk (Lair:6)
  A yak (D:9)
  An orc warrior (D:9)
  A shadow imp (D:9)
  An orc (D:9)
  2 tentacles
36 creatures vanquished.

Vanquished Creatures (others)
  2 fire giants
  A boulder beetle (Lair:6)
  A merfolk aquamancer (Shoals:4)
  A shadow wraith (D:13)
  A deep elf knight (Vaults:2)
  2 harpies (Shoals:4)
  A necromancer (Depths:3)
  2 manticores (Shoals:4)
  A cyclops (Shoals:4)
  A jumping spider (Spider:4)
  A tarantella (Spider:4)
  2 orc warriors
  A boggart (Depths:4)
  A centaur (D:9)
  A bullfrog (D:9)
  A killer bee (D:9)
  An orc (D:9)
  A bush (Lair:2)
  49 fungi
  137 plants
  36 tentacles
244 creatures vanquished.

Grand Total: 2382 creatures vanquished

Notes
Turn   | Place    | Note
-------+----------+-------------------------------------------
     0 | D:1      | dtburroughs the Minotaur Berserker began the quest for the
                  | Orb.
     0 | D:1      | Reached XP level 1. HP: 19/19 MP: 0/0
   210 | D:1      | Reached XP level 2. HP: 27/27 MP: 1/1
   716 | D:1      | Reached XP level 3. HP: 31/33 MP: 2/2
   789 | D:1      | Reached ** piety under Trog
   893 | D:2      | Found a glowing golden altar of the Shining One.
   897 | D:2      | Found a shimmering blue altar of Sif Muna.
   901 | D:2      | Found a bloodstained altar of Trog.
  1709 | D:2      | Reached XP level 4. HP: 35/40 MP: 3/3
  3024 | D:3      | Reached XP level 5. HP: 44/47 MP: 4/4
  3176 | D:3      | Identified the -1 helmet "Maggeik" {+Blink rC+}
  3176 | D:3      | Noticed Robin
  3183 | D:3      | Reached *** piety under Trog
  3186 | D:3      | Killed Robin
  3617 | D:4      | Reached skill level 5 in Fighting
  3735 | D:4      | Reached skill level 5 in Axes
  3827 | D:4      | Found Ynkilo's Antique Weapon Boutique.
  3900 | D:4      | Reached XP level 6. HP: 46/56 MP: 5/5
  4514 | D:5      | Entered Level 5 of the Dungeon
  4532 | D:5      | Reached skill level 5 in Armour
  4777 | D:5      | Reached XP level 7. HP: 59/62 MP: 6/6
  4812 | D:5      | Found a blossoming altar of Fedhas.
  4959 | D:5      | Reached **** piety under Trog
  4999 | D:5      | Reached skill level 5 in Dodging
  5209 | D:5      | Noticed Dowan
  5209 | D:5      | Noticed Duvessa
  5244 | D:5      | Killed Dowan
  5253 | D:5      | Killed Duvessa
  5482 | D:5      | Reached XP level 8. HP: 25/71 MP: 7/7
  6111 | D:4      | Bought a glowing battleaxe for 237 gold pieces
  6269 | D:6      | Reached skill level 1 in Evocations
  6815 | D:6      | Noticed Sigmund
  6829 | D:6      | Killed Sigmund
  6877 | D:6      | Found a sand-covered staircase.
  6884 | Ossuary  | Entered an ossuary
  7025 | Ossuary  | Reached ***** piety under Trog
  7026 | Ossuary  | Reached XP level 9. HP: 43/80 MP: 8/8
  7312 | D:6      | Found a staircase to the Ecumenical Temple.
  7440 | D:6      | Found a broken altar of Ashenzari.
  7440 | D:6      | Found a sparkling altar of Nemelex Xobeh.
  7441 | D:6      | Found a hazy altar of Hepliaklqana.
  7442 | D:6      | Noticed Menkaure
  7450 | D:6      | Killed Menkaure
  8492 | D:7      | Received a gift from Trog
  9013 | D:7      | Reached XP level 10. HP: 43/90 MP: 9/9
  9205 | D:8      | Noticed a two-headed ogre
  9225 | D:8      | Killed a two-headed ogre
  9418 | D:8      | Noticed Joseph
  9423 | D:8      | Killed Joseph
  9648 | D:8      | Noticed Grum
  9659 | D:8      | Killed Grum
  9974 | D:8      | Found a runed translucent door.
  9974 | D:8      | Noticed bnorton916's ghost (novice FoFi)
 10166 | D:9      | Found a shimmering altar of Xom.
 10361 | D:9      | Reached skill level 5 in Evocations
 10395 | D:9      | Reached skill level 10 in Fighting
 10395 | D:9      | Reached skill level 10 in Axes
 10719 | D:9      | Found a staircase to the Lair.
 10772 | D:9      | Noticed a two-headed ogre
 10783 | D:9      | Killed a two-headed ogre
 10784 | D:9      | Reached XP level 11. HP: 82/99 MP: 10/10
 11101 | D:9      | Noticed a two-headed ogre
 11111 | D:9      | Reached skill level 10 in Armour
 11247 | D:9      | Killed a two-headed ogre
 11292 | D:9      | Noticed Pikel
 11299 | D:9      | Killed Pikel
 11396 | D:9      | Noticed Erica
 11402 | D:9      | Killed Erica
 11627 | D:10     | Entered Level 10 of the Dungeon
 11989 | D:10     | Found a staircase to the Orcish Mines.
 12264 | D:10     | Received a gift from Trog
 12849 | D:11     | Reached skill level 10 in Dodging
 13057 | D:11     | Found a frozen archway.
 13073 | D:11     | Reached XP level 12. HP: 95/110 MP: 11/11
 13151 | D:11     | Found Ututow's Pet Rocks.
 13459 | D:11     | Noticed a seven-headed hydra
 13474 | D:11     | Killed a one-headed hydra
 13849 | D:12     | Noticed a boulder beetle
 13936 | Lair:1   | Entered Level 1 of the Lair of Beasts
 13990 | Lair:1   | Noticed a six-headed hydra
 14001 | Lair:1   | Killed a three-headed hydra
 14766 | Lair:1   | Reached ****** piety under Trog
 14863 | Lair:1   | Received a gift from Trog
 15791 | Lair:2   | Noticed a seven-headed hydra
 15800 | Lair:2   | Killed a six-headed hydra
 16414 | Lair:2   | Reached XP level 13. HP: 112/119 MP: 12/12
 17538 | Lair:2   | Received a gift from Trog
 20027 | Lair:4   | Found a staircase to the Shoals.
 20088 | Lair:4   | Got a fine marble ring
 20581 | Lair:4   | Found a runed translucent door.
 21191 | Lair:4   | Got a polished hat
 21202 | Lair:4   | Identified the +5 hat of Kosagyad {Regen+} (You found it on
                  | level 4 of the Lair of Beasts)
 21212 | Lair:4   | Identified the ring of the Pharaoh's Fist {rElec rPois rF-
                  | Will+ Dex+3} (You found it on level 4 of the Lair of
                  | Beasts)
 21413 | Lair:4   | Found a hole to the Spider Nest.
 21835 | Lair:5   | Received a gift from Trog
 21836 | Lair:5   | Reached XP level 14. HP: 52/129 MP: 13/13
 22732 | Lair:6   | Entered Level 6 of the Lair of Beasts
 23012 | Lair:6   | Reached skill level 10 in Evocations
 23286 | Lair:6   | Received a gift from Trog
 23550 | Lair:6   | Found a staircase to the Slime Pits.
 24159 | Lair:6   | Found a large runed translucent door.
 24168 | Lair:6   | Found a large runed translucent door.
 24395 | Lair:6   | Identified the Compendium of the Arsonist and Dislocation
 24441 | Lair:6   | Received a gift from Trog
 25146 | D:12     | Reached XP level 15. HP: 108/139 MP: 14/14
 26666 | D:13     | Got a pair of ichor-stained gloves
 26677 | D:13     | Identified the +1 pair of gloves "Taaqeuk" {rElec MP-9
                  | Int+7 Stlth+} (You found it on level 13 of the Dungeon)
 27012 | D:13     | Found a gate to the Vaults.
 27338 | D:14     | Received a gift from Trog
 27702 | D:14     | Reached skill level 15 in Fighting
 27708 | D:14     | Reached skill level 15 in Axes
 28026 | D:14     | Reached skill level 15 in Armour
 28227 | D:14     | Received a gift from Trog
 28839 | D:14     | Identified Sif Muna's Volume of Conjuration
 28879 | D:15     | Entered Level 15 of the Dungeon
 29208 | D:15     | Found an ornate altar of the Wu Jian Council.
 29421 | D:15     | Found a staircase to the Depths.
 29451 | D:15     | Reached XP level 16. HP: 149/149 MP: 6/15
 29967 | Orc:1    | Entered Level 1 of the Orcish Mines
 30102 | Orc:2    | Entered Level 2 of the Orcish Mines
 30102 | Orc:2    | Noticed Azrael
 30109 | Orc:1    | Received a gift from Trog
 30113 | Orc:1    | Got an ichor-stained battleaxe {god gift}
 30119 | Orc:1    | Identified the +7 battleaxe of Change {vorpal, *Slow +Blink
                  | Str+8} (Trog gifted it to you on level 1 of the Orcish
                  | Mines)
 30153 | Orc:2    | Killed Azrael
 30414 | Orc:2    | Noticed Blork the orc
 30442 | Orc:2    | Killed Blork the orc
 30633 | Orc:2    | Found a roughly hewn altar of Beogh.
 30780 | Orc:2    | Found a staircase to the Elven Halls.
 30879 | Orc:2    | Found Isanuwed's Book Boutique.
 30923 | Orc:2    | Found Toffa's General Store.
 30930 | Orc:2    | Bought a scroll of teleportation for 48 gold pieces
 30930 | Orc:2    | Bought a potion of curing for 48 gold pieces
 30930 | Orc:2    | Bought a potion of heal wounds for 80 gold pieces
 30994 | Orc:2    | Found Fiqitel's Antique Armour Boutique.
 31010 | Orc:2    | Found Gunk's Antique Weapon Boutique.
 31165 | Orc:1    | Noticed Nergalle
 31178 | Orc:1    | Killed Nergalle
 31326 | Orc:1    | Received a gift from Trog
 31608 | Orc:1    | Paralysed by an orc sorcerer for 4 turns
 32183 | Orc:1    | Got a fine chain mail
 32423 | Lair:1   | Identified the +2 chain mail of Fun and Games {Will++} (You
                  | found it on level 1 of the Orcish Mines)
 32519 | Spider:1 | Entered Level 1 of the Spider Nest
 32546 | Spider:1 | Noticed Frances
 32556 | Spider:1 | Killed Frances
 32600 | Spider:1 | Received a gift from Trog
 32998 | Spider:1 | You fall into a shaft and drop 1 floor!
 33093 | Spider:2 | Reached skill level 15 in Dodging
 33734 | Spider:2 | Noticed Kirke
 33742 | Spider:2 | Killed Kirke
 34128 | Spider:3 | Received a gift from Trog
 34634 | Spider:3 | Reached XP level 17. HP: 159/159 MP: 7/16
 35582 | Spider:4 | Entered Level 4 of the Spider Nest
 35601 | Spider:4 | Reached skill level 1 in Shields
 35727 | Spider:4 | Received a gift from Trog
 37038 | Spider:4 | Received a gift from Trog
 37046 | Spider:4 | Paralysed by a hornet for 1 turns
 37346 | Spider:4 | Got a gossamer rune of Zot
 37603 | Shoals:1 | Entered Level 1 of the Shoals
 38113 | Shoals:1 | Reached skill level 5 in Shields
 38199 | Shoals:1 | Received a gift from Trog
 38836 | Shoals:1 | Noticed a kraken
 38849 | Shoals:1 | Killed a kraken
 39373 | Shoals:2 | Reached XP level 18. HP: 162/170 MP: 8/17
 39567 | Shoals:2 | Got an ancient bronze ring
 39858 | Shoals:2 | Received a gift from Trog
 40089 | Shoals:2 | Identified the +6 falchion "Fimeub" {venom, *Rage rElec
                  | Int+2 Dex+8}
 40588 | Shoals:3 | Found Ycyupp's Antique Weapon Shoppe.
 41056 | Shoals:3 | Received a gift from Trog
 41787 | Shoals:3 | Identified the ring "Obeunorph" {rElec Will+++ Str-4 Int+2
                  | Dex+6} (You found it on level 2 of the Shoals)
 41791 | Shoals:3 | Identified a scroll of acquirement
 41802 | Shoals:3 | Acquired the ring "Plog" {Will+ rCorr}
 41822 | Shoals:4 | Entered Level 4 of the Shoals
 43837 | Shoals:4 | Got a barnacled rune of Zot
 44102 | Vaults:1 | Entered Level 1 of the Vaults
 44357 | Vaults:1 | Reached XP level 19. HP: 136/179 MP: 9/18
 44453 | Vaults:1 | Identified the amulet of Yneng {RegenMP *Contam rElec
                  | Int+3}
 44622 | Vaults:1 | Found Qudiybu's Book Emporium.
 45107 | Vaults:1 | Received a gift from Trog
 45293 | Vaults:1 | Found Zufuivip's Weapon Shoppe.
 47097 | Vaults:2 | Received a gift from Trog
 47103 | Vaults:2 | Got an ichor-stained battleaxe {god gift}
 47312 | Vaults:2 | Identified the +7 battleaxe of Hubris {vorpal, rElec rPois
                  | rC+ Str+3} (Trog gifted it to you on level 2 of the Vaults)
 47346 | Vaults:2 | Found a portal to a secret trove of treasure.
 47352 | Vaults:2 | You paid a toll of 4 scrolls of fear to enter a treasure
                  | trove
 47353 | Trove    | Entered a treasure trove
 47356 | Trove    | Found the +11 plutonium sword {*Contam Stlth-}
 47380 | Trove    | Identified the +3 battleaxe of Zajeraak {vorpal, +Blink
                  | rF+++ rC- Int-5} (You found it in a treasure trove)
 47423 | Vaults:2 | Noticed Bai Suzhen
 47497 | Vaults:2 | Reached skill level 10 in Shields
 47541 | Vaults:2 | Killed Bai Suzhen
 47811 | Vaults:2 | Noticed Mennas
 47958 | Vaults:1 | Killed Mennas
 48495 | Vaults:2 | Found Loywosuv's Distillery.
 48505 | Vaults:2 | Bought a potion of curing for 63 gold pieces
 48603 | Vaults:2 | Found a staircase to the Crypt.
 49183 | Vaults:2 | Received a gift from Trog
 49196 | Vaults:2 | Reached XP level 20. HP: 138/189 MP: 10/19
 49648 | Vaults:2 | Noticed Xtahua
 49678 | Vaults:2 | Killed Xtahua
 50094 | Vaults:3 | Received a gift from Trog
 50892 | Vaults:3 | Received a gift from Trog
 51343 | Vaults:3 | You fall into a shaft and drop 1 floor!
 52288 | Vaults:4 | Received a gift from Trog
 52294 | Vaults:4 | Got a twisted broad axe {god gift}
 52295 | Vaults:4 | Identified the +3 broad axe of Fihen {vorpal, rF+} (Trog
                  | gifted it to you on level 4 of the Vaults)
 52594 | Vaults:4 | Reached XP level 21. HP: 183/199 MP: 11/20
 52892 | Vaults:3 | Received a gift from Trog
 53033 | Vaults:3 | Reached skill level 15 in Evocations
 54153 | Vaults:4 | Found Koll's Book Shoppe.
 55183 | Depths:1 | Entered Level 1 of the Depths
 55523 | Depths:1 | Received a gift from Trog
 56037 | Depths:1 | Found a gateway to Hell.
 56855 | Depths:2 | Found Zaxipp's General Store.
 56855 | Depths:2 | Found Alez's Jewellery Emporium.
 56890 | Depths:2 | Found Durgh's Magic Scroll Shoppe.
 56898 | Depths:2 | Bought a scroll of teleportation for 60 gold pieces
 56898 | Depths:2 | Bought a scroll of acquirement for 1040 gold pieces
 56898 | Depths:2 | Bought a scroll of blinking for 150 gold pieces
 56899 | Depths:2 | Acquired 610 gold pieces
 56992 | Depths:2 | Received a gift from Trog
 57222 | Depths:2 | Noticed a golden dragon
 57242 | Depths:2 | Killed a golden dragon
 57815 | Depths:2 | Reached XP level 22. HP: 181/209 MP: 12/21
 58720 | Depths:3 | Received a gift from Trog
 59069 | Depths:3 | Found a gateway to a ziggurat.
 59625 | Depths:3 | Noticed a juggernaut
 59644 | Depths:3 | Killed a juggernaut
 59859 | Depths:3 | Found a one-way gate leading to the halls of Pandemonium.
 60091 | Depths:3 | Found a one-way gate to the infinite horrors of the Abyss.
 60225 | Depths:3 | Received a gift from Trog
 60541 | Depths:3 | You fall into a shaft and drop 1 floor!
 60748 | Depths:4 | Paralysed by a floating eye for 4 turns
 61069 | Depths:4 | Found Otratreh's Magic Scroll Shop.
 61071 | Depths:4 | Found Luqyzy's Antique Weapon Boutique.
 61089 | Depths:4 | Bought a scroll of teleportation for 66 gold pieces
 61089 | Depths:4 | Bought 3 scrolls of fear for 231 gold pieces
 61089 | Depths:4 | Bought a scroll of teleportation for 66 gold pieces
 61725 | Depths:4 | Noticed a caustic shrike
 61740 | Depths:4 | Killed a caustic shrike
 61959 | Depths:4 | Noticed Margery
 62017 | Depths:4 | Killed Margery
 62017 | Depths:4 | Received a gift from Trog
 62018 | Depths:4 | Got a steaming hand axe {god gift}
 63057 | Depths:5 | Entered Level 5 of the Depths
 63158 | Depths:5 | Noticed Louise
 63209 | Depths:5 | Killed Louise
 63266 | Depths:5 | Reached XP level 23. HP: 186/218 MP: 13/22
 63475 | Depths:5 | Received a gift from Trog
 64266 | Depths:5 | Found Isankot's Antique Weapon Shoppe.
 64432 | Depths:5 | Found a gate to the Realm of Zot.
 64643 | Depths:5 | Reached skill level 15 in Shields
 64838 | Depths:5 | Received a gift from Trog
 65752 | Depths:5 | Noticed a caustic shrike
 65777 | Depths:5 | Killed a caustic shrike
 66337 | Lair:1   | Identified the +7 hand axe of the Six Songs {antimagic,
                  | rPois rF+} (Trog gifted it to you on level 4 of the Depths)
 67009 | Vaults:5 | Entered Level 5 of the Vaults
 67306 | Vaults:5 | Demolished by a titan

Illustrated notes

Levels and vault maps discovered:
D:1:      dpeg_arrival_subterranean_lakeside_camping, layout_loops_ring
D:2:      minmay_thinvault, layout_basic, grunt_temple_overflow_diamond
D:3:      layout_rooms, uniq_robin
D:4:      layout_loops_corners, serial_shops, nicolae_shop_overgrown_old_shop,
          small_statue_intersection
D:5:      layout_rooms, basic_altar, uniq_duvessa
D:6:      layout_cave_pools, gammafunk_temple_overflow_claw,
          minmay_temple_entry_large_hall, enter_ossuary_4, uniq_menkaure,
          uniq_sigmund
D:7:      layout_basic
D:8:      layout_loops_ring, hellmonk_ghost_happy_afterlife,
          hangedman_abyss_or_decor_stagger, uniq_grum, uniq_joseph
D:9:      layout_roguey, minmay_lair_entry_grove, serial_corexii_hall,
          chequers_hall_statues_y, corexii_hall_statues_l, xom_confusion_cloud,
          uniq_pikel, uniq_erica
D:10:     layout_cave_pods, zombieorc2_lemuel, grunt_ministairs_3
D:11:     layout_irregular_city, portal_ice_cave_entry_pillars_1,
          guppyfry_shop_earth
D:12:     layout_basic
D:13:     kennysheep_seaside_town, layout_gridville, david_vaults_4
D:14:     minmay_the_grid_plus_closed [minmay_the_grid_empty,
          minmay_the_grid_paths, minmay_the_grid_small_cups,
          minmay_the_grid_tiny_cups, minmay_the_grid_prize_inner_circle],
          layout_irregular_city, minmay_misc_feat_x
D:15:     hangedman_depths_entry_civil_slaughter, layout_irregular_city,
          lemuel_altar_in_water
Lair:1:   lemuel_reptile_caves, layout_cave_shapes, kennysheep_rathole,
          lemuel_fruit_tree, serial_bayou_shore_b
Lair:2:   layout_concentric_octagons, beast_lair_carwin_5,
          minmay_lair_oklob_chamber, infiniplex_staircase_pool,
          grunt_megastairs_3, lemuel_fruit_fields, lemuel_fruit_fields
Lair:3:   layout_loops_ring, serial_bayou_shore_a
Lair:4:   gammafunk_indiana_jones, layout_layer_cave,
          minmay_shoals_entry_beasts, spider_nest_entry_rubble
Lair:5:   layout_long_grid, infiniplex_staircase_pool_2, grunt_megastairs_2
Lair:6:   cheibrodos_lair_end_hotspot, layout_regular_city,
          nicolae_slime_entry_slimehenge, st_stairs_3,
          chequers_serial_rivers_small_b
Shoals:1: layout_shoals, st_cyclops
Shoals:2: layout_shoals, nicolae_shoals_seven_spires
Shoals:3: layout_shoals, serial_shops, nicolae_shop_statue_plus,
          nicolae_shoals_circle_sea_wall, nicolae_shoals_kraken_party
Shoals:4: shoals_end_hangedman, layout_shoals, hangedman_shoals_cup_caves
Spider:1: layout_spider_delve, nicolae_spider_circle_web, drop_trap,
          uniq_frances
Spider:2: layout_spider_delve, drop_trap, uniq_kirke
Spider:3: layout_chambers
Spider:4: spider_rune_water
Orc:1:    layout_caves, elf_legates, uniq_nergalle
Orc:2:    grunt_orc_cross, layout_caves, uniq_azrael
Vaults:1: hangedman_vaults_slither, st_octagons_1,
          nicolae_vaults_little_squares_4, ontoclasm_vaults_spin, v_pattern_3,
          nicolae_vaults_network_periphery, nicolae_vaults_triangles,
          vaults_room_mumra_shop_pool, vaults_room_door_ring,
          hangedman_vaults_unwind, ontoclasm_vaults_tryst,
          vaults_room_stairs_pillars, layout_vaults_maze, serial_shops,
          shop_statue
Vaults:2: ontoclasm_vaults_decontamination, hangedman_vaults_impose,
          st_quartered_hall, v_misc_22, grunt_vaults_funnel,
          hangedman_vaults_stream, minmay_crypt_entry_simple_sparse,
          vaults_dpeg_hooks, nicolae_vaults_mini_display_case,
          vaults_room_door_hall, ontoclasm_vaults_loading_screen,
          layout_vaults_chaotic_city, serial_shops, nicolae_shop_crystal,
          nicolae_trove_entry_free_sample, uniq_mennas, uniq_xtahua,
          uniq_bai_suzhen
Vaults:3: ontoclasm_vaults_idyll, vaults_room_hallway,
          vaults_room_hangedman_quadrants, vaults_standard_mumra_lines,
          v_misc_31, vaults_room_corners, layout_vaults_omnigrid
Vaults:4: nicolae_vaults_little_squares_4, ontoclasm_vaults_idyll,
          nicolae_vaults_network_quinsquares
          [nicolae_vaults_network_quincunx_subvault,
          nicolae_vaults_network_quincunx_subvault,
          nicolae_vaults_network_quincunx_subvault,
          nicolae_vaults_network_quincunx_subvault], hangedman_vaults_maws,
          nicolae_vaults_arrows, v_alt_pattern_6, v_alt_pattern_1, v_misc_33,
          v_misc_28, nicolae_vaults_little_squares_1, ontoclasm_vaults_hangar,
          v_misc_23, nicolae_vaults_diagonal_hallway_8, layout_vaults_omnibox,
          serial_shops, nicolae_shop_stone
Vaults:5
Depths:1: layout_twisted_cross, hangedman_decor_diamond_cutter,
          pf_hell_entry_tar_river, minmay_starry_boxes
Depths:2: minmay_connected_boxes_in_corner, layout_gridlike, hell_entry,
          minmay_staircase_windowed_large, minmay_shop_star
Depths:3: minmay_bad_star, layout_gridlike, enter_ziggurat_e,
          grunt_hell_entry_dis_old, abyss_entry, chequers_serial_rivers_small_b,
          grunt_pan_entry_in_and_out, minivault_16
Depths:4: minmay_outward_triangles, layout_gridlike, lightli_too_deep,
          hangedman_abyss_entry_splay, interstate_on_off, minivault_15,
          lemuel_nasty_fountain, minmay_shoptagon, uniq_margery
Depths:5: lemuel_castle_with_subvaults [lemuel_castle_interior_original],
          layout_basic, hangedman_coc_ice_floe, grunt_decor_mini_mirrors,
          serial_shops, shop, nicolae_abyss_entry_one_way_or_another,
          serial_bayou_shore_b

Skill      XL: |  1  2  3  4  5  6  7  8  9 10 11 12 13 14 15 16 17 18 19 20 21 22 23 |
---------------+----------------------------------------------------------------------+-----
Fighting       | 4 5 6 7 8 10 11 12 13 14 15 16 17 18 19 20 21 | 21.4
Axes           | 4 5 6 7 8 10 11 12 13 14 15 16 17 18 19 20 21 | 21.4
Armour         | 3 4 5 6 7 8 9 11 12 13 14 15 16 17 18 19 20 21 | 21.3
Dodging        | 3 4 5 6 7 9 10 11 12 13 14 15 16 17 18 19 | 19.9
Evocations     | 2 4 5 6 8 9 10 11 12 13 14 15 16 | 16.6
Shields        | 5 8 10 12 13 14 15 | 15.6

Action                   |  1- 3 |  4- 6 |  7- 9 | 10-12 | 13-15 | 16-18 | 19-21 | 22-24 || total
-------------------------+-------+-------+-------+-------+-------+-------+-------+-------++-------
Melee: Hand axe          |    70 |   234 |   109 |       |       |       |       |       ||   413
       Headbutt          |    11 |    49 |    50 |   102 |   233 |   330 |   566 |   402 ||  1743
       Battleaxe         |       |       |   234 |   282 |    93 |       |     6 |       ||   615
       Broad axe         |       |       |       |   226 |   439 |  1396 |  1891 |  1334 ||  5286
       Executioner's axe |       |       |       |    87 |   476 |       |       |       ||   563
Throw: Javelin           |       |       |       |       |       |       |     5 |       ||     5
Invok: Trog's Hand       |     1 |     2 |     7 |     5 |     8 |    11 |     8 |    10 ||    52
       Berserk           |       |       |     1 |       |     2 |       |       |       ||     3
       Brothers in Arms  |       |       |       |     1 |     3 |     6 |     7 |     4 ||    21
Evoke: Wand              |       |       |       |     9 |    32 |    83 |    21 |     1 ||   146
       Phial of floods   |       |       |       |       |       |       |     1 |       ||     1
       Lightning rod     |       |       |       |       |       |       |       |     4 ||     4
  Use: Scroll            |       |       |    10 |     5 |    27 |    14 |     9 |    13 ||    78
       Potion            |       |       |     1 |       |     2 |    14 |    12 |    13 ||    42
 Stab: Paralysed         |       |       |       |       |     6 |    25 |    18 |       ||    49
       Distracted        |       |       |       |       |       |       |     2 |     1 ||     3
       Confused          |       |       |       |       |       |       |       |     2 ||     2
Armor: Animal skin       |    14 |    21 |       |       |       |       |       |       ||    35
       Plate armour      |       |    94 |   262 |   428 |   718 |    49 |   619 |   250 ||  2420
       Chain mail        |       |       |       |       |       |   920 |       |       ||   920
       Gold dragon scale |       |       |       |       |       |       |       |   260 ||   260
Dodge: Dodged            |    61 |   118 |   206 |   328 |   622 |   859 |   819 |   584 ||  3597
Block: Kite shield       |       |       |       |    33 |   120 |       |  1019 |  1042 ||  2214
       Tower shield      |       |       |       |       |    34 |  1580 |   354 |       ||  1968
       Reflection        |       |       |       |       |       |    51 |   164 |    41 ||   256
